 Dungeon Crawl Stone Soup version 0.17-a0-1591-g7a45446 (webtiles) character file.

35 Chiseanne the Covered (level 3, -1/28 HPs)
             Began as a Demonspawn Wanderer on July 29, 2015.
             Slain by a gnoll
             ... wielding a +0 flail
              (2 damage)
             ... on level 2 of the Dungeon.
             The game lasted 00:01:58 (751 turns).

Chiseanne the Covered (Demonspawn Wanderer)          Turns: 751, Time: 00:01:58

Health: -1/28      AC: 11    Str: 13    XL:     3   Next: 17%
Magic:  3/3        EV:  9    Int: 13    God:
Gold:   41         SH:  0    Dex: 12    Spells: 0 memorised, 2 levels left

rFire  . . .     SeeInvis .     b - +1 mace
rCold  . . .     Clarity  .     a - +2 scale mail
rNeg   . . .     SustAt   .     (no shield)
rPois  .         Gourm    .     (no helmet)
rElec  .         Spirit   .     m - +0 cloak
rCorr  .         Warding  .     (no gloves)
rMut   .         Stasis   .     n - +0 pair of boots
MR     .....                    (no amulet)
Stlth  ..........               (no ring)
                                (no ring)

@: not resistant to hostile enchantments, extremely unstealthy
A: spiny 2
a: no special abilities


You were on level 2 of the Dungeon.
You were not hungry.

You visited 1 branch of the dungeon, and saw 2 of its levels.

You collected 41 gold pieces.

Inventory:

Hand weapons
 b - a +1 mace (weapon)
Missiles
 e - 21 bolts
 f - 19 sling bullets
 g - 2 poisoned javelins (quivered)
Armour
 a - a +2 scale mail (worn)
 m - a +0 cloak (worn)
 n - a +0 pair of boots (worn)
Jewellery
 k - an uncursed ring of protection from cold {unknown}
Scrolls
 c - a scroll of teleportation
 j - a scroll of identify {unknown}
 l - 2 scrolls of remove curse
Potions
 h - a potion of brilliance {unknown}
Comestibles
 d - 4 bread rations
 i - a meat ration


   Skills:
 * Level 2.3 Fighting
 - Level 1.7 Maces & Flails
 + Level 3.0 Armour
 + Level 1.0 Dodging
 - Level 1.0 Stealth
   Level 1.7 Shields
 - Level 1.0 Unarmed Combat


You had 2 spell levels left.
You didn't know any spells.

Dungeon Overview and Level Annotations

Branches:
Dungeon (2/15)

Altars:
Fedhas
Nemelex Xobeh


Innate Abilities, Weirdness & Mutations

You are mostly covered in sharp spines.


Message History

The gnoll is struck by your spines. The gnoll hits you but does no damage.
The gnoll is struck by your spines. The gnoll barely misses you.
You sock the gnoll!
You kill the gnoll!
Your Armour skill increases to level 3!
You have reached level 3!
Your experience leads to an increase in your attributes!
Increase (S)trength, (I)ntelligence, or (D)exterity?
You feel stronger.
Your demonic ancestry asserts itself...
Sharp spines emerge from more of your body.
The gnoll hits you with a flail. The gnoll hits you but does no damage.
You sock the gnoll!
The gnoll is almost dead.
The gnoll hits you with a flail. x2
You hit the gnoll but do no damage.
The gnoll is almost dead.
The gnoll is struck by your spines. The gnoll hits you with a flail!
* * * LOW HITPOINT WARNING * * *
The gnoll hits you with a flail.
You die...

#...#.. #.#.#..
#####.#####.
#.....# .
#.###.### #
#.....#
#.#.#.....###..
#.%...._[......
#####..@g.#.#..
#.)g..#.#
###.### # #..
#.# #.# ... ###


You could see 2 gnolls.

Vanquished Creatures
  A gnoll (D:2)
  An ooze (D:1)
  A worm (D:2)
  2 giant cockroaches (D:1)
  A goblin (D:1)
  2 hobgoblins (D:1)
  2 bats (D:1)
  A giant gecko (D:1)
  6 kobolds
  4 rats (D:1)
21 creatures vanquished.

Notes
Turn   | Place    | Note
--------------------------------------------------------------
     0 | D:1      | Chiseanne the Demonspawn Wanderer began the quest for the Orb.
     0 | D:1      | Chiseanne set off with: a +2 scale mail, a +0 mace, a scroll of teleportation, a bread ration
     0 | D:1      | Reached XP level 1. HP: 15/15 MP: 1/1
   111 | D:1      | Gained mutation: You are partially covered in sharp spines. [demonic ancestry]
   111 | D:1      | Reached XP level 2. HP: 12/21 MP: 2/2
   695 | D:2      | Reached skill level 1 in Dodging
   727 | D:2      | Found a blossoming altar of Fedhas.
   735 | D:2      | Found a sparkling altar of Nemelex Xobeh.
   749 | D:2      | Reached skill level 3 in Armour
   749 | D:2      | Gained mutation: You are mostly covered in sharp spines. [demonic ancestry]
   749 | D:2      | Reached XP level 3. HP: 26/28 MP: 3/3
   751 | D:2      | HP: 1/28 [gnoll/flail (10)]
   751 | D:2      | Slain by a gnoll

Vault maps used:
D:1:      saegor_arrival_simple_b
D:2:      lemuel_doored_altar, old_standard_altar,
          nicolae_overflow_crystal_walls, minmay_misc_feat_x,
          kennysheep_cross_room, uniq_iyjb

Action                   || total
-------------------------++-------
Melee: Mace              ||    42
  Use: Scroll            ||     2
